 Dungeon Crawl Stone Soup version 0.30.1 (webtiles) character file.

Game seed: 13093039825722643592

210 Destapler the Trooper (level 5, -1/42 HPs)
             Began as a Demonspawn Fighter on July 13, 2023.
             Was a Believer of Uskayaw.
             Slain by an orc
             ... wielding a +0 trident
              (4 damage)
             ... on level 4 of the Dungeon.
             The game lasted 00:07:08 (2164 turns).

Destapler the Trooper (Demonspawn Fighter)          Turns: 2164, Time: 00:07:09

Health: -1/42      AC:  7    Str: 17    XL:     5   Next: 57%
Magic:  2/5        EV:  9    Int:  9    God:    Uskayaw [**....]
Gold:   94         SH: 10    Dex: 14    Spells: 4/4 levels left

rFire   + . .        a - +0 flail
rCold   + . .        c - +0 buckler
rNeg    . . .        b - +0 scale mail
rPois   +            (no helmet)
rElec   +            (no cloak)
rCorr   +            l - +0 pair of gloves
SInv    .            (no boots)
Will    .....        y - amulet of reflection
Stlth   +            (no ring)
HPRegen 0.27/turn    (no ring)
MPRegen 0.18/turn

%: reflection
@: resistant
A: spiny 1, magic regeneration
a: Renounce Religion, Stomp, Line Pass


You were on level 4 of the Dungeon.
You worshipped Uskayaw.
Uskayaw was noncommittal.
You visited 1 branch of the dungeon, and saw 4 of its levels.

You collected 94 gold pieces.

Inventory:

Hand Weapons
 a - a +0 flail (weapon)
Missiles
 h - 3 boomerangs (quivered)
 o - a throwing net
Armour
 b - a +0 scale mail (worn)
 c - a +0 buckler (worn)
 l - a +0 pair of gloves (worn)
Jewellery
 y - an amulet of reflection (around neck)
Scrolls
 e - 4 scrolls of immolation
 f - a scroll of noise {unknown}
 k - a scroll of blinking {unknown}
 q - 4 scrolls of identify {unknown}
 s - a scroll of enchant weapon {unknown}
 t - a scroll of teleportation {unknown}
 x - a scroll of vulnerability {unknown}
Potions
 d - a potion of might
 g - 2 potions of brilliance {unknown}
 i - a potion of magic {unknown}
 j - a potion of curing {unknown}
 m - a potion of berserk rage {unknown}
 n - a potion of haste
 p - a potion of attraction {unknown}
 r - a potion of heal wounds {unknown}
 u - a potion of mutation {unknown}
 v - a potion of cancellation {unknown}


   Skills:
 - Level 4.0 Fighting
 - Level 2.0 Maces & Flails
 + Level 2.1 Throwing
 - Level 3.0 Armour
 + Level 2.0 Dodging
 - Level 2.0 Stealth
 - Level 3.0 Shields


You had 4 spell levels left.
You didn't know any spells.
Your spell library contained the following spells:

 Spells                   Type           Power      Damage    Failure   Level
 Apportation              Tloc           0%         N/A       86%         1
 Beastly Appendage        Tmut           0%         N/A       86%         1
 Wereblood                Tmut           0%         N/A       95%         2
 Gell's Gravitas          Tloc           0%         N/A       99%         3
 Inner Flame              Hex/Fire       0%         N/A       99%         3
 Spider Form              Tmut/Pois      0%         N/A       99%         3
 Teleport Other           Tloc           0%         N/A       99%         3
 Flame Wave               Conj/Fire      0%         2d4       100%        4
 Sticky Flame             Conj/Fire      0%         2d3       100%        4
 Alistair's Intoxication  Tmut/Pois      0%         N/A       100%        5
 Yara's Violent Unravell  Hex/Tmut       0%         3d3       100%        5
 Dispersal                Tloc           0%         N/A       100%        6
 Enfeeble                 Hex            0%         N/A       100%        7


Dungeon Overview and Level Annotations

Branches:
Dungeon (4/15)
 Temple: D:4-7

Altars:
Uskayaw


Innate Abilities, Weirdness & Mutations

You are partially covered in sharp spines.
You regenerate magic rapidly.


Message History

The puff of flame hits you!
* * * LOW HITPOINT WARNING * * *
You miss the orc wizard. You block the giant cockroach's attack.
The orc hits you from afar with a +0 trident.
* * * LOW HITPOINT WARNING * * *
The orc wizard hits you but does no damage.
You block the giant cockroach's attack.
You closely miss the orc wizard. You block the orc's attack.
The giant cockroach is struck by your spines.
The giant cockroach closely misses you. The orc wizard casts a spell at you.
The magic dart hits you.
* * * LOW HITPOINT WARNING * * *
You thump the orc wizard!
The orc wizard is heavily wounded.
The giant cockroach is struck by your spines.
The giant cockroach bites you.
* * * LOW HITPOINT WARNING * * *
The orc completely misses you.
The orc wizard points at you and mumbles some strange words.
The magic dart hits you!
* * * LOW HITPOINT WARNING * * *
You block the giant cockroach's attack.
The orc wizard hits you with a +0 dagger.
* * * LOW HITPOINT WARNING * * *
The orc hits you but does no damage.
You can now pass through a line of other dancers.
You stomp with the beat, sending a shockwave through the revellers around you!
You kill the giant cockroach!
The orc wizard is severely wounded.
The dart slug is heavily wounded.
You can no longer pass through a line of other dancers.
The dart slug bites you but does no damage.
The orc hits you but does no damage. The orc wizard barely misses you.
You can now pass through a line of other dancers.
Your Dodging skill increases to level 2!
It was a potion of resistance.
You feel protected.
The orc hits you from afar with a +0 trident.
You die...

.# ... .. .... .#
..... .#
..##.####.#
........#.#
......#.#w##.##.
........@)...^..
...#.....#o##.#+#
...#....o#.....
...#.....#..##
.............+
.###....######
.........#
.........#
.........# #.#


You could see an orc wizard, a dart slug and an orc.

Vanquished Creatures
  A phantom (D:4)
  An iguana (D:4)
  An adder (D:2)
  5 worms
  4 dart slugs
  7 orcs
  5 bats
  4 endoplasms
  A giant cockroach (D:4)
  5 goblins
  7 hobgoblins
  12 jackals
  2 quokkas
  4 ball pythons
  A frilled lizard (D:2)
  4 kobolds
  4 rats
68 creatures vanquished.

Notes
Turn   | Place    | Note
-------+----------+-------------------------------------------
     0 | D:1      | Destapler the Demonspawn Fighter began the quest for the
                  | Orb.
     0 | D:1      | Reached XP level 1. HP: 18/18 MP: 1/1
    76 | D:1      | Found a faded altar of an unknown god.
   153 | D:1      | Gained mutation: You are partially covered in sharp spines.
                  | [demonic ancestry]
   153 | D:1      | Reached XP level 2. HP: 13/24 MP: 2/2
   556 | D:1      | Prayed at the altar of an unknown god.
   556 | D:1      | Became a worshipper of Uskayaw the Reveller
   556 | D:1      | Reached * piety under Uskayaw
   578 | D:2      | Reached ** piety under Uskayaw
   582 | D:2      | Reached *** piety under Uskayaw
   627 | D:2      | Gained mutation: You regenerate magic rapidly. [demonic
                  | ancestry]
   627 | D:2      | Reached XP level 3. HP: 29/29 MP: 3/3
  1083 | D:2      | You fall into a shaft and drop 2 floors!
  1085 | D:4      | Noticed a phantom
  1133 | D:3      | Reached skill level 1 in Stealth
  1185 | D:3      | Reached skill level 1 in Throwing
  1316 | D:2      | Reached XP level 4. HP: 35/35 MP: 4/4
  1534 | D:2      | Reached skill level 1 in Dodging
  1966 | D:4      | Killed a phantom
  1967 | D:4      | Reached XP level 5. HP: 30/42 MP: 5/5
  2029 | D:4      | Reached skill level 4 in Fighting
  2162 | D:4      | HP: 2/42 [orc wizard/+0 dagger (2)]
  2164 | D:4      | Slain by an orc

Illustrated notes

Levels and vault maps discovered:
D:1:      nicolae_arrival_washed_ashore, layout_basic,
          hellmonk_ecumenical_altar_blasted, minmay_misc_feat_ornament
D:2:      layout_loops_ring
D:3:      layout_rooms, serial_forest, infiniplex_forest_fountain,
          infiniplex_forest_lined_3, infiniplex_forest_zigzag_2,
          infiniplex_forest_clump_diagonal, infiniplex_forest_clump_tiny,
          infiniplex_forest_lined_ring, infiniplex_forest_clump_diagonal,
          infiniplex_forest_lined_2
D:4:      layout_basic, serial_bayou, serial_bayou_lagoon_b,
          serial_bayou_pond_c, serial_bayou_ford_a, serial_bayou_lagoon_a,
          minmay_strange_pillars

Skill      XL: |  1  2  3  4  5 |
---------------+----------------+-----
Maces & Flails | 2 |  2.0
Armour         | 3 |  3.0
Shields        | 3 |  3.0
Stealth        | 1 2 |  2.0
Throwing       | 1 2 |  2.1
Dodging        | 1 2 |  2.0
Fighting       | 4 |  4.0

Action                     |  1- 3 |  4- 6 || total
---------------------------+-------+-------++-------
  Melee: Flail             |   106 |    51 ||   157
  Throw: Boomerang         |     9 |       ||     9
 Invoke: Stomp             |       |     1 ||     1
         Line Pass         |       |     1 ||     1
    Use: Potion            |       |     1 ||     1
   Stab: Paralysed         |     2 |     1 ||     3
 Armour: Scale mail        |    49 |    29 ||    78
  Dodge: Dodged            |    47 |    19 ||    66
  Block: Buckler           |    32 |    23 ||    55
